 Dungeon Crawl Stone Soup version 0.22-a0-422-g9628fc8 (webtiles) character file.

89260 gottagoquickly the Grappler (level 15, 101/103 HPs)
             Began as an Octopode Fighter on Apr 4, 2017.
             Was the Champion of Cheibriados.
             Quit the game on level 4 of the Spider Nest on May 20, 2018.
             The game lasted 01:46:57 (15123 turns).

gottagoquickly the Grappler (Octopode Fighter)     Turns: 15123, Time: 01:46:58

Health: 101/103    AC:  3    Str: 27    XL:     15   Next: 96%
Magic:  14/22      EV: 27    Int: 30    God:    Cheibriados [******]
Gold:   316        SH:  9    Dex: 29    Spells: 3/23 levels left

rFire    + . .     SeeInvis +     - Unarmed
rCold    . . .     Gourm    .   o - +2 buckler
rNeg     + + +     Faith    +   (helmet restricted)
rPois    +         Spirit   .   p - amulet of faith
rElec    .         Reflect  .   z - ring of see invisible
rCorr    .         Harm     .   M - ring of Ixtamika {rPois rC+}
MR       ++...     Clarity  +   q - ring of wizardry
Stlth    ++++++....             F - ring of positive energy
HPRegen  1.27/turn              G - ring of stealth
MPRegen  0.18/turn              L - ring "Visumyg" {rN+ MR+ EV+2 Str-3 Slay+2}
                                N - ring of protection from magic
                                m - ring "Beporeyl" {Fire rN+ MR- Slay+3}

@: regenerating, very slow
A: almost no armour, stealthy swim, amphibious, 8 rings, constrict 8, antennae
1, yellow scales 1, camouflage 1, clarity, screaming 1, gelatinous body 1
a: Bend Time, Temporal Distortion, Slouch, Step From Time, Renounce Religion


You were on level 4 of the Spider Nest.
You worshipped Cheibriados.
Cheibriados was exalted by your worship.
You were not hungry.

You visited 6 branches of the dungeon, and saw 29 of its levels.
You also visited: Bailey.

You collected 2176 gold pieces.
You spent 1860 gold pieces at shops.

Inventory:

Hand Weapons
 D - a +3 blowgun
Missiles
 u - 4 throwing nets (quivered)
Armour
 a - a +0 shield
 o - a +2 buckler (worn)
Jewellery
 m - the ring "Beporeyl" (on tentacle) {Fire rN+ MR- Slay+3}
   (You acquired it on level 6 of the Dungeon)

   [ring of fire]

   It enhances your fire magic.
   It affects your accuracy and damage with ranged weapons and melee attacks
   (+3).
   It protects you from fire.
   It makes you vulnerable to cold.
   It protects you from negative energy.
   It affects your resistance to hostile enchantments.
 p - an amulet of faith (around mantle)
 q - a ring of wizardry (on tentacle)
 z - a ring of see invisible (left tentacle)
 F - a ring of positive energy (on tentacle)
 G - a ring of stealth (on tentacle)
 L - the ring "Visumyg" (on tentacle) {rN+ MR+ EV+2 Str-3 Slay+2}
   (You acquired it on level 5 of the Lair of Beasts)

   [ring of evasion]

   It affects your evasion (+2).
   It affects your strength (-3).
   It affects your accuracy and damage with ranged weapons and melee attacks
   (+2).
   It protects you from negative energy.
   It affects your resistance to hostile enchantments.
 M - the ring of Ixtamika (right tentacle) {rPois rC+}
   (You took it off a human on level 14 of the Dungeon)

   [ring of poison resistance]

   It protects you from cold.
   It protects you from poison.
 N - a ring of protection from magic (on tentacle)
Wands
 j - a wand of removedness (23)
 r - a wand of iceblast (8)
 s - a wand of clouds (5)
 t - a wand of acid (5)
 w - a wand of paralysis (5)
 A - a wand of flame (21)
 J - a wand of scattershot (3)
 S - a wand of clouds (2)
Scrolls
 h - 10 scrolls of remove curse {@r2}
 i - 2 scrolls of immolation
 k - 5 scrolls of removedness
 l - a scroll of silence {!r}
 n - 6 scrolls of identify {@r1}
 y - a scroll of fog
 B - a scroll of magic mapping
 Q - 2 scrolls of teleportation
Potions
 b - 3 potions of might
 e - 6 potions of curing {@q1}
 g - 7 potions of brilliance
 x - 2 potions of flight
 C - a potion of magic
 K - a potion of mutation {!q}
 O - a potion of resistance
 R - a potion of agility
Miscellaneous
 f - a phantom mirror
 v - 2 sacks of spiders
 E - a fan of gales
 H - a lamp of fire (inert)
Comestibles
 c - 8 rations
 d - 20 rations
 I - 3 rations


   Skills:
 - Level 10.3 Fighting
 - Level 10.3 Dodging
 - Level 4.3 Stealth
 - Level 4.1 Shields
 - Level 14.0 Unarmed Combat
 - Level 4.8 Spellcasting
 - Level 4.1 Hexes
 - Level 3.8 Charms
 - Level 3.7 Necromancy
 - Level 4.0 Translocations
 * Level 9.5 Transmutations
 - Level 9.6 Earth Magic
 + Level 9.3 Invocations
 - Level 7.3 Evocations


You had 3 spell levels left.
You knew the following spells:

 Your Spells              Type           Power        Failure   Level  Hunger
a - Confusing Touch       Hex            ####..       1%          1    None
b - Animate Skeleton      Necr           N/A          1%          1    None
c - Stone Arrow           Conj/Erth      #####.       1%          3    #......
d - Blade Hands           Tmut           ######....   1%          5    #####..
e - Ice Form              Ice/Tmut       #####...     3%          4    ###....
q - Regeneration          Chrm/Necr      ####......   1%          3    #......
A - Apportation           Tloc           ####..       1%          1    None
B - Blink                 Tloc           N/A          1%          2    None
Your spell library was empty.

Dungeon Overview and Level Annotations

Branches:
Dungeon (15/15) Temple (1/1) D:6 Lair (6/6) D:9 Swamp (1/4) Lair:4 Spider (4/4) Lair:2 Slime (0/5) Lair:6 Orc (2/2) D:9 Elf (0/3) Orc:2 Vaults (0/5) D:13 D:14 Depths (0/5) D:15

Altars:
Ashenzari
Cheibriados
Elyvilon
Gozag
Hepliaklqana
Kikubaaqudgha
Makhleb
Nemelex Xobeh
Qazlal
Ru
Sif Muna
Trog
Vehumet
Beogh
Jiyva

Shops:
D:7 ?   Orc:2 }(}[

Annotations:
D:3 Malvoorn's ghost, weakling DsAK
D:5 Edmund; Prince Ribbit
D:8 Koga's ghost, novice HOFi
D:9 Gastronok
Lair:2 spider (east)
Lair:4 7h hydra
Spider:2 exclusion: upstairs


Innate Abilities, Weirdness & Mutations

You cannot wear most types of armour.
You are very stealthy in the water. (Stealth+)
You are amphibious.
You can wear up to eight rings at the same time.
You can use your tentacles to constrict eight enemies at once.
Your skin changes colour to match your surroundings (Stealth+).
Your rubbery body absorbs attacks. (AC +1, EV +1)
You have a pair of small antennae on your head.
You are partially covered in yellow scales. (AC +2)
You possess an exceptional clarity of mind.
You occasionally shout uncontrollably at your foes.


Message History

You hear an angry hiss.
You hear an angry buzzing noise.
You hear an angry hiss.
You hear a hideous shriek!
Found a chain mail and a long sword.
There is a stone staircase leading up here.
Unknown command.
As you read the scroll of magic mapping, it crumbles to dust.
You feel aware of your surroundings.
The jumping spider leaps! x2
A demonic crawler comes into view.
Save game and exit?
Welcome back, gottagoquickly the Octopode Fighter.
Cheibriados says: Take it easy.
Press ? for a list of commands and other information.
You have 316 gold pieces.
Char dumped successfully.
Unknown command.
Save game and exit?
Welcome back, gottagoquickly the Octopode Fighter.
Cheibriados says: Take it easy.
Press ? for a list of commands and other information.
Are you sure you want to abandon this character and quit the game? (Confirm with "yes".)

*,,,,,,,,,,*,,,,,,**,,,,,
*,,,...........*,,,*,,,,,
*,*,,..)..s...,,,,*,,,,,,
**,,*....s...,,,,,,,,,,*,
*,,,,,..s...,*,.,,*,,,,,,
**,*,##ss..#,..,,,,,,*,,,
**,*#.....#.#^.,,,,,,,,,
***#........#.,*,,,*,,*
***,#.@.s.^.ยง.,,,,,,,,,
*,#..^........*,,,,*,,,
***,##^.#..s....,,,,,,,,,
*,,,,#..,.#.....,,,,,*,*,
**,,*...,...[...,,,,,,,,,
*,*,#..^,.......,,,,,,,,,
*,,,..^#,.#.,...,,*,,,,,*
**,....,,s.....#,,,,,,,,,
***,,,,,,,,,,,,,,,,,,,,,


You could see a demonic crawler, 3 jumping spiders and 4 redbacks.

Vanquished Creatures
  An emperor scorpion (Spider:3)
  4 ogre magi (Orc:2)
  Erolcha (D:11)
  A hydra (D:15)
  2 catoblepae
  2 centaur warriors
  25 two-headed ogres
  A two-headed ogre (shapeshifter) (D:13)
  3 death yaks (Lair:6)
  A deep troll shaman (Lair:6)
  A skeletal warrior (D:15)
  2 unseen horrors
  A phantasmal warrior (D:15)
  7 wolf spiders
  A necromancer (D:15)
  A manticore (D:13)
  A lindwurm (Lair:6)
  2 deep elf magi
  4 orc knights
  2 orb spiders (Spider:3)
  6 elephants (Lair:6)
  2 cyclopes
  12 spiny frogs
  3 gargoyles
  A rime drake (Lair:4)
  5 demonic crawlers
  An efreet (D:14)
  A guardian mummy (D:14)
  5 komodo dragons
  2 polar bears (Lair:6)
  10 jumping spiders
  10 trolls
  A tyrant leech (Lair:3)
  21 blink frogs
  7 dream sheep (Lair:6)
  12 hippogriffs
  3 shadows
  26 redbacks
  A vampire (D:13)
  A spriggan skeleton (D:15)
  A wyvern (Lair:5)
  A fire dragon skeleton (D:15)
  7 tarantellas
  2 hungry ghosts
  15 humans
  21 yaks
  8 vampire mosquitoes
  4 wargs
  2 tengu zombies (D:15)
  An acid dragon (D:14)
  9 porcupines
  10 water moccasins
  2 hell hounds (D:9)
  Duvessa (D:7)
  A swamp drake (Lair:4)
  13 orc warriors
  5 sky beasts
  7 ice beasts
  3 eyes of draining
  4 black bears
  2 hornet zombies
  2 phantoms
  5 boggarts (D:15)
  35 ogres
  5 wolves (Lair:6)
  4 centaurs
  A necrophage (D:8)
  16 crocodiles
  8 bullfrogs
  3 big kobolds
  2 gnoll sergeants (Bailey)
  A wyvern zombie (D:14)
  A water moccasin zombie (D:9)
  A scorpion (D:10)
  2 wyvern skeletons
  Dowan (D:7)
  9 killer bees (D:11)
  13 wights
  An electric eel (D:10)
  2 centaur zombies
  5 crimson imps
  7 centaur skeletons
  10 hounds
  7 orc priests
  2 gnoll shamans
  3 jellies
  2 bullfrog skeletons
  26 orc wizards
  7 iguanas
  9 worker ants
  A killer bee zombie (D:10)
  A hound zombie (D:8)
  A hound skeleton (D:7)
  2 worker ant zombies
  13 gnolls
  15 adders
  6 shadow imps
  2 oozes
  An adder skeleton (D:7)
  2 adder zombies (D:9)
  4 worms
  4 leopard geckos
  46 orcs
  A ball python (D:2)
  2 giant cockroaches
  7 hobgoblins
  5 jackals
  3 quokkas
  7 bats
  3 frilled lizards
  6 goblins
  15 kobolds
  10 rats
  A fungus (Lair:3)
660 creatures vanquished.

Vanquished Creatures (collateral kills)
  An ogre (Orc:2)
1 creature vanquished.

Vanquished Creatures (others)
  A crimson imp (D:14)
  15 fungi
  7 plants
23 creatures vanquished.

Grand Total: 684 creatures vanquished

Notes
Turn   | Place    | Note
-------+----------+-------------------------------------------
     0 | D:1      | gottagoquickly the Octopode Fighter began the quest for the Orb.
     0 | D:1      | Reached XP level 1. HP: 16/16 MP: 1/1
   142 | D:1      | Reached XP level 2. HP: 14/21 MP: 2/2
   320 | D:1      | Reached skill level 3 in Unarmed Combat
   684 | D:2      | Reached XP level 3. HP: 26/26 MP: 3/3
   749 | D:2      | Found a sparkling altar of Nemelex Xobeh.
   807 | D:2      | Reached skill level 4 in Unarmed Combat
   839 | D:2      | Reached XP level 4. HP: 21/31 MP: 4/4
   909 | D:2      | Reached skill level 1 in Stealth
  1040 | D:3      | Reached skill level 2 in Stealth
  1211 | D:3      | Noticed Malvoorn's ghost (weakling DsAK)
  1431 | D:2      | Reached XP level 5. HP: 31/36 MP: 5/5
  1671 | D:4      | Reached skill level 5 in Unarmed Combat
  1672 | D:4      | Noticed a phantom
  1874 | D:4      | Reached XP level 6. HP: 42/42 MP: 6/6
  1899 | D:4      | Reached skill level 6 in Unarmed Combat
  2039 | D:5      | Entered Level 5 of the Dungeon
  2108 | D:5      | Noticed Edmund
  2151 | D:4      | Gained mutation: You expend magic power (3 MP) to strengthen your wands. [potion of mutation]
  2151 | D:4      | Gained mutation: Your system is resistant to poisons. (rPois) [potion of mutation]
  2165 | D:4      | Lost mutation: Your system is resistant to poisons. (rPois) [potion of mutation]
  2165 | D:4      | Lost mutation: You expend magic power (3 MP) to strengthen your wands. [potion of mutation]
  2165 | D:4      | Gained mutation: You are partially covered in yellow scales. (AC +2) [potion of mutation]
  2165 | D:4      | Gained mutation: You have a pair of small antennae on your head. [potion of mutation]
  2165 | D:4      | Gained mutation: You occasionally shout uncontrollably at your foes. [potion of mutation]
  2165 | D:4      | Gained mutation: You possess an exceptional clarity of mind. [potion of mutation]
  2273 | D:4      | Killed a phantom
  2273 | D:4      | Reached skill level 7 in Unarmed Combat
  2273 | D:4      | Reached XP level 7. HP: 27/46 MP: 4/7
  2581 | D:5      | Reached skill level 8 in Unarmed Combat
  2709 | D:6      | Reached skill level 4 in Shields
  2822 | D:6      | Reached XP level 8. HP: 38/52 MP: 6/8
  2902 | D:5      | Noticed Prince Ribbit
  2942 | D:5      | Reached skill level 4 in Fighting
  2942 | D:5      | Reached skill level 4 in Dodging
  3000 | D:5      | Learned a level 1 spell: Confusing Touch
  3002 | D:5      | Learned a level 1 spell: Animate Skeleton
  3004 | D:5      | Learned a level 1 spell: Apportation
  3075 | D:6      | Found a shattered altar of Ashenzari.
  3116 | D:6      | Reached skill level 1 in Evocations
  3175 | D:6      | Found a staircase to the Ecumenical Temple.
  3189 | Temple   | Entered the Ecumenical Temple
  3249 | Temple   | Became a worshipper of Cheibriados the Contemplative
  3326 | D:7      | Noticed a two-headed ogre
  3340 | D:7      | Killed a two-headed ogre
  3340 | D:7      | Reached skill level 4 in Hexes
  3340 | D:7      | Reached skill level 4 in Evocations
  3340 | D:7      | Reached XP level 9. HP: 58/58 MP: 9/12
  3381 | D:6      | Identified a scroll of acquirement
  3382 | D:6      | Got a pitted brass ring
  3383 | D:6      | Identified the ring "Beporeyl" {Fire rN+ MR- Slay+3} (You acquired it on level 6 of the Dungeon)
  3598 | D:7      | Found a deep blue altar of Sif Muna.
  3715 | D:7      | Reached skill level 9 in Unarmed Combat
  3921 | D:7      | Found Gotiacekk's Magic Scroll Shoppe.
  3939 | D:7      | Bought a scroll of identify for 24 gold pieces
  3939 | D:7      | Bought a scroll of identify for 24 gold pieces
  3939 | D:7      | Bought a scroll of teleportation for 36 gold pieces
  3939 | D:7      | Bought a scroll of fog for 24 gold pieces
  3939 | D:7      | Bought a scroll of fog for 24 gold pieces
  3939 | D:7      | Bought a scroll of teleportation for 36 gold pieces
  3939 | D:7      | Bought a scroll of identify for 24 gold pieces
  4026 | D:7      | Noticed Duvessa
  4026 | D:7      | Noticed Dowan
  4027 | D:7      | fuck
  4028 | D:7      | Killed Dowan
  4033 | D:7      | Killed Duvessa
  4033 | D:7      | Reached skill level 10 in Unarmed Combat
  4045 | D:7      | wait what
  4045 | D:7      | did dowan kill himself in the fire?
  4045 | D:7      | lol
  4149 | D:8      | Reached skill level 5 in Fighting
  4217 | D:8      | Noticed Koga's ghost (novice HOFi)
  4320 | D:8      | Noticed a gargoyle
  4340 | D:8      | Reached * piety under Cheibriados
  4351 | D:8      | Killed a gargoyle
  4351 | D:8      | Reached skill level 6 in Fighting
  4351 | D:8      | Reached XP level 10. HP: 38/69 MP: 8/13
  4472 | D:8      | Reached skill level 1 in Invocations
  4643 | D:9      | fucking bees
  4678 | D:9      | Found a staircase to the Orcish Mines.
  4891 | D:9      | Noticed Gastronok
  4912 | D:9      | Found a staircase to the Lair.
  4995 | D:9      | Reached skill level 2 in Invocations
  5098 | D:9      | Reached skill level 7 in Fighting
  5104 | D:9      | Reached ** piety under Cheibriados
  5214 | D:9      | Noticed a two-headed ogre
  5261 | D:9      | Killed a two-headed ogre
  5261 | D:9      | Reached skill level 11 in Unarmed Combat
  5261 | D:9      | Reached skill level 3 in Invocations
  5311 | D:10     | Entered Level 10 of the Dungeon
  5358 | D:10     | Noticed a gargoyle
  5372 | D:10     | Killed a gargoyle
  5448 | D:10     | Noticed an unseen horror
  5460 | D:10     | Killed an unseen horror
  5460 | D:10     | Reached skill level 5 in Dodging
  5460 | D:10     | Reached skill level 4 in Invocations
  5559 | D:10     | Reached skill level 6 in Dodging
  5559 | D:10     | Reached XP level 11. HP: 51/77 MP: 14/14
  5584 | D:10     | Noticed a two-headed ogre
  5598 | D:10     | Reached skill level 8 in Fighting
  5607 | D:10     | Killed a two-headed ogre
  5607 | D:10     | Reached skill level 3 in Stealth
  5734 | D:11     | Reached *** piety under Cheibriados
  5771 | D:11     | Found a flagged portal.
  5786 | D:11     | Reached skill level 4 in Stealth
  5864 | Bailey   | Entered a bailey
  5909 | Bailey   | Reached skill level 7 in Dodging
  6271 | D:11     | Reached skill level 5 in Invocations
  6532 | D:10     | Found a sacrificial altar of Ru.
  6592 | D:11     | Reached **** piety under Cheibriados
  6623 | D:12     | Noticed a cyclops
  6640 | D:12     | Killed a cyclops
  6640 | D:12     | Reached skill level 6 in Invocations
  6771 | D:12     | Noticed a skeletal warrior
  6886 | D:12     | Noticed a deep elf mage
  6915 | D:12     | Noticed an unseen horror
  6920 | D:12     | Killed an unseen horror
  7036 | D:12     | i can get slowed?
  7036 | D:12     | eh
  7045 | D:12     | Killed a deep elf mage
  7045 | D:12     | Reached skill level 7 in Invocations
  7062 | D:12     | Noticed an eight-headed hydra
  7124 | D:13     | Reached skill level 5 in Evocations
  7144 | D:13     | Noticed a mana viper
  7144 | D:13     | a wind drake changed into a mana viper
  7149 | D:13     | Noticed a two-headed ogre
  7149 | D:13     | a mana viper changed into a two-headed ogre
  7158 | D:13     | Killed a two-headed ogre
  7306 | D:14     | Reached skill level 12 in Unarmed Combat
  7488 | D:12     | Reached XP level 12. HP: 83/83 MP: 11/17
  7550 | D:11     | Reached skill level 6 in Evocations
  7589 | D:10     | Reached ***** piety under Cheibriados
  7761 | Lair:1   | Entered Level 1 of the Lair of Beasts
  7770 | Lair:1   | ha ha who needs rpois or ac here
  7770 | Lair:1   | ;_;
  8098 | Lair:3   | Reached skill level 8 in Dodging
  8389 | Lair:4   | Reached skill level 9 in Fighting
  8470 | Lair:4   | Noticed a seven-headed hydra
  8515 | Lair:4   | Reached skill level 9 in Dodging
  8623 | Lair:4   | Reached skill level 1 in Translocations
  8633 | Lair:4   | Found a staircase to the Swamp.
  8676 | Lair:4   | Reached skill level 2 in Translocations
  8853 | Lair:6   | Entered Level 6 of the Lair of Beasts
  8951 | Lair:5   | Got a sparkling platinum ring
  8952 | Lair:5   | Identified the ring "Visumyg" {rN+ MR+ EV+2 Str-3 Slay+2} (You acquired it on level 5 of the Lair of Beasts)
  9008 | Lair:5   | Reached skill level 3 in Translocations
  9110 | Lair:6   | Reached skill level 10 in Dodging
  9110 | Lair:6   | Reached skill level 4 in Translocations
  9195 | Lair:6   | Reached skill level 13 in Unarmed Combat
  9216 | Lair:6   | Reached XP level 13. HP: 78/90 MP: 13/18
  9453 | Lair:6   | Reached skill level 14 in Unarmed Combat
  9564 | Lair:6   | Reached skill level 8 in Invocations
  9793 | Lair:6   | Learned a level 3 spell: Stone Arrow
  9864 | Lair:6   | Reached skill level 1 in Earth Magic
  9890 | Lair:6   | Reached skill level 2 in Earth Magic
  9893 | Lair:6   | Reached ****** piety under Cheibriados
  9928 | Lair:6   | Reached skill level 3 in Earth Magic
  9933 | Lair:6   | Found a staircase to the Slime Pits.
  9935 | Lair:6   | Found a viscous altar of Jiyva.
  9970 | Lair:6   | Reached skill level 10 in Fighting
  9994 | Lair:6   | Learned a level 3 spell: Regeneration
 10324 | Lair:2   | Reached skill level 4 in Earth Magic
 10369 | Lair:2   | Reached skill level 1 in Charms
 10369 | Lair:2   | Reached skill level 1 in Necromancy
 10711 | Lair:1   | Reached skill level 2 in Charms
 10762 | Lair:1   | Reached skill level 2 in Necromancy
 10845 | Orc:1    | Entered Level 1 of the Orcish Mines
 10883 | Orc:2    | Entered Level 2 of the Orcish Mines
 10934 | Orc:2    | Found a staircase to the Elven Halls.
 11003 | Orc:2    | Found a bloodstained altar of Trog.
 11020 | Orc:2    | Reached skill level 5 in Earth Magic
 11119 | Orc:1    | Found a roughly hewn altar of Beogh.
 11198 | Orc:1    | Reached XP level 14. HP: 81/99 MP: 15/20
 11314 | Orc:1    | Reached skill level 3 in Charms
 11457 | Orc:2    | Reached skill level 3 in Necromancy
 11622 | Orc:2    | Reached skill level 6 in Earth Magic
 11728 | Orc:2    | Reached skill level 7 in Earth Magic
 11862 | Orc:2    | Reached skill level 8 in Earth Magic
 11883 | Orc:2    | Reached skill level 9 in Earth Magic
 12103 | Orc:2    | Found Wunoakie's Antique Weapon Emporium.
 12104 | Orc:2    | Found Vaarpho Qim's Armour Shop.
 12104 | Orc:2    | Found Wiphoxt's Gadget Emporium.
 12104 | Orc:2    | Found Tinoamyt's Gadget Boutique.
 12122 | Orc:2    | Bought a sack of spiders for 240 gold pieces
 12122 | Orc:2    | Bought a wand of iceblast (8/15) for 144 gold pieces
 12122 | Orc:2    | Bought a wand of clouds (5/9) for 324 gold pieces
 12122 | Orc:2    | Bought a fan of gales for 480 gold pieces
 12122 | Orc:2    | Bought a lamp of fire for 480 gold pieces
 12123 | Orc:2    | shit shop
 12123 | Orc:2    | shops
 12358 | D:11     | Noticed Erolcha
 12364 | D:11     | Killed Erolcha
 12499 | D:13     | Found a snail-covered altar of Cheibriados.
 12534 | D:14     | Found a gate to the Vaults.
 12535 | D:14     | okay
 12543 | D:13     | Reached skill level 7 in Evocations
 12668 | D:13     | Reached skill level 1 in Spellcasting
 12678 | D:13     | Learned a level 5 spell: Blade Hands
 12742 | D:13     | Reached skill level 1 in Transmutations
 12795 | D:13     | Reached skill level 2 in Transmutations
 12850 | D:13     | Reached skill level 2 in Spellcasting
 12959 | D:14     | Reached XP level 15. HP: 103/103 MP: 21/21
 12963 | D:14     | Reached skill level 3 in Transmutations
 13028 | D:15     | Entered Level 15 of the Dungeon
 13028 | D:15     | Found a staircase to the Depths.
 13093 | D:14     | Got a translucent silver ring
 13115 | D:14     | Identified the ring of Ixtamika {rPois rC+} (You took it off a human on level 14 of the Dungeon)
 13116 | D:14     | nice
 13131 | D:14     | Learned a level 4 spell: Ice Form
 13136 | D:14     | believe it or not, this is actually good for both those branches
 13151 | D:14     | Reached skill level 4 in Transmutations
 13175 | D:14     | Reached skill level 3 in Spellcasting
 13292 | D:14     | Reached skill level 5 in Transmutations
 13532 | D:15     | Reached skill level 6 in Transmutations
 13598 | D:15     | Reached skill level 4 in Spellcasting
 13768 | D:15     | Reached skill level 7 in Transmutations
 14095 | Swamp:1  | Entered Level 1 of the Swamp
 14234 | Lair:2   | Found a hole to the Spider Nest.
 14257 | Spider:1 | Entered Level 1 of the Spider Nest
 14443 | Spider:1 | Learned a level 2 spell: Blink
 14459 | Spider:1 | why the fuck is this not on by default
 14459 | Spider:1 | !mut autopickup i mean
 14513 | Spider:2 | Reached skill level 8 in Transmutations
 14856 | Spider:3 | Reached skill level 9 in Invocations
 14885 | Spider:3 | Noticed an emperor scorpion
 14889 | Spider:3 | Reached skill level 9 in Transmutations
 15100 | Spider:3 | Killed an emperor scorpion
 15121 | Spider:4 | Entered Level 4 of the Spider Nest
 15123 | Spider:4 | Upgraded the game from 0.20-a0-949-g916514f to 0.22-a0-422-g9628fc8
 15123 | Spider:4 | Quit the game

Vault maps used:
D:1:      saegor_arrival_simple_c, minmay_pentomino_p2
D:2:      nemelex_spade_bored_becter
D:3:      minmay_misc_feat_nine_boxes, elyvilon_altar_4
D:5:      first_bread, uniq_edmund, uniq_prince_ribbit1
D:6:      temple_statues, basic_altar
D:7:      nicolae_overflow_crystal_walls, serial_shops, shop, grunt_ogre_cave,
          uniq_duvessa
D:8:      minmay_misc_feat_tower
D:9:      minmay_lair_entry_lava, orc_0_dummy, uniq_gastronok
D:10:     serial_shops, shop, minmay_misc_feat_more_columns, st_stairs_2,
          serial_bayou_pond_b, nicolae_ru_path_of_blood
D:11:     enter_bailey_2, uniq_erolcha
D:13:     spider_trap, cheibriados_altar_1, uniq_urug
D:14:     david_vaults_3, serial_co_window_serial, co_window_of_opportunity_a,
          co_window_paths_b, co_window_paths_a, co_window_paths_a,
          co_window_paths_a, co_window_paths_a, co_window_corner_cb,
          co_window_unsneaky_path_d, co_window_unsneaky_path_c,
          co_window_broadway_c, co_window_of_opportunity_b, co_window_2corner,
          glass_columns_b
D:15:     gammafunk_depths_entry_grave, minmay_misc_feat_doors
Temple:   roderic_octagonal_lattice_temple
Lair:1:   eino_small_chamber_without_monster, infiniplex_staircase_pool
Lair:2:   spider_nest_entry_funnel_web, worms_lemuel
Lair:3:   serial_bayou_shore_b
Lair:4:   minmay_swamp_entry_reptiles, st_stairs_6, lemuel_fruit_fields
Lair:6:   grunt_lair_end_beastmaster, slime_altar_1, kb_xom_exploding_sheep
Swamp:1:  evilmike_swamp_ruin_house_5
Spider:3: uniq_aizul
Spider:4: spider_rune_water, minivault_29
Orc:1:    basic_altar
Orc:2:    st_orc_ogre_mass, basic_altar
Bailey:   bailey_polearm_gnolls_kennysheep, bailey

Skill      XL: |  1  2  3  4  5  6  7  8  9 10 11 12 13 14 15 |
---------------+----------------------------------------------+-----
Unarmed Combat | 3 4 5 7 8 10 11 12 13 14 | 14.0
Stealth        | 2 4 |  4.3
Shields        | 4 |  4.1
Fighting       | 4 6 7 8 9 10 | 10.3
Dodging        | 4 6 7 10 | 10.3
Evocations     | 4 5 6 7 |  7.3
Hexes          | 4 |  4.1
Invocations    | 4 7 8 9 |  9.3
Translocations | 4 |  4.0
Earth Magic    | 5 9 |  9.6
Charms         | 2 3 |  3.8
Necromancy     | 2 3 |  3.7
Spellcasting   | 2 4 |  4.8
Transmutations | 2 9 |  9.5

Action                   |  1- 3 |  4- 6 |  7- 9 | 10-12 | 13-15 || total
-------------------------+-------+-------+-------+-------+-------++-------
Melee: Unarmed           |    66 |   105 |   170 |   462 |   768 ||  1571
       Tentacles         |    14 |    22 |    34 |   165 |   291 ||   526
       Constrict         |    19 |    23 |    25 |    94 |    94 ||   255
       Punch             |       |     6 |     8 |    75 |   169 ||   258
 Cast: Confusing Touch   |       |       |     1 |     2 |     6 ||     9
       Apportation       |       |       |       |     6 |     9 ||    15
       Regeneration      |       |       |       |       |    58 ||    58
       Ice Form          |       |       |       |       |     6 ||     6
       Blade Hands       |       |       |       |       |     4 ||     4
Invok: Bend Time         |       |       |       |     4 |    20 ||    24
       Slouch            |       |       |       |       |     6 ||     6
       Temporal Distorti |       |       |       |       |     1 ||     1
 Abil: End Transformatio |       |       |       |       |     1 ||     1
Evoke: Wand              |       |       |    10 |    22 |    31 ||    63
       Sack of spiders   |       |       |       |       |     1 ||     1
       Lamp of fire      |       |       |       |       |     2 ||     2
  Use: Scroll            |     1 |     6 |    12 |    15 |    15 ||    49
       Potion            |     1 |     2 |       |     5 |     2 ||    10
 Stab: Sleeping          |     2 |    13 |    12 |    19 |    27 ||    73
       Paralysed         |       |       |    13 |    19 |     4 ||    36
       Confused          |       |       |     1 |     2 |     7 ||    10
       Distracted        |       |       |       |     3 |     4 ||     7
  Eat: Chunk             |       |     5 |     5 |     9 |    14 ||    33
       Ration            |       |       |     1 |       |       ||     1
       Buggy jelly       |       |       |       |       |     2 ||     2
       Buggy fruit       |       |       |       |       |     3 ||     3
Armor: Skin              |     2 |     2 |    13 |    16 |    27 ||    60
Dodge: Dodged            |    24 |    39 |    63 |   240 |   710 ||  1076
Block: Shield            |    16 |     1 |       |       |       ||    17
       Buckler           |       |     8 |    26 |   104 |   223 ||   361

Table legend:
 A = Spawn XP
 B = Non-spawn XP
 C = Spawn XP percentage of total XP
 D = Spawn monster count
 E = Non-spawn monster count
 F = Spawn count percentage of total count
 G = Total turns spent on level
                    A         B        C        D         E        F      G
               +---------+---------+-------+---------+---------+-------+---------
         Total |       0 |       0 |   N/A |       0 |       0 |   N/A |     0
               +---------+---------+-------+---------+---------+-------+---------
               +---------+---------+-------+---------+---------+-------+---------
